 Dungeon Crawl Stone Soup version 0.31-a0-263-ge8cad7f256 (webtiles) character file.

Game seed: 8804146258696641114

701 qw the Shooter (level 7, -17/43 HPs)
             Began as a Gargoyle Hexslinger on July 13, 2023.
             Demolished by a two-headed ogre
             ... wielding a +0 giant club
              (19 damage)
             ... on level 6 of the Dungeon.
             The game lasted 00:01:56 (4353 turns).

qw the Shooter (Gargoyle Hexslinger)                Turns: 4353, Time: 00:01:56

Health: -17/43     AC: 10    Str: 15    XL:     7   Next: 66%
Magic:  8/8        EV: 11    Int: 16    God:
Gold:   258        SH:  0    Dex: 14    Spells: 7/8 levels left

rFire   + . .        Y - +1 sling
rCold   . . .        (no shield)
rNeg    + + .        l - +1 leather armour of Immorality {Will+ Str+3 Int+3}
rPois   inf          (no helmet)
rElec   +            m - +0 cloak
rCorr   .            (no gloves)
SInv    .            (no boots)
Will    +....        (no amulet)
Stlth   +            o - ring of protection from fire
HPRegen 0.27/turn    b - ring of positive energy
MPRegen 0.11/turn

%: no passive effects
@: no status effects
A: sickness immunity, AC +4, negative energy resistance 1, electricity
resistance, torment resistance 1, petrification resistance
a: no special abilities


You were on level 6 of the Dungeon.
You visited 1 branch of the dungeon, and saw 6 of its levels.

You collected 258 gold pieces.


Innate Abilities, Weirdness & Mutations

You are immune to sickness and miasma.
Your stone body is resilient. (AC +4)
You are immune to poison.
You resist negative energy. (rN+)
You are resistant to electric shocks. (rElec)
You are resistant to unholy torment.
You are immune to petrification.


   Skills:
 - Level 4.0 Fighting
 + Level 7.2 Ranged Weapons
 - Level 1.9 Armour
 - Level 1.5 Dodging
 - Level 1.0 Spellcasting
 - Level 2.6 Hexes


You had 7 spell levels left.
You knew the following spells:

 Your Spells              Type           Power      Damage    Failure   Level
a - Slow                  Hex            36%        N/A       10%         1

Your spell library contained the following spells:

 Spells                   Type           Power      Damage    Failure   Level
 Inner Flame              Hex/Fire       5%         N/A       43%         3
 Portal Projectile        Hex/Tloc       10%        N/A       43%         3
 Cause Fear               Hex            4%         N/A       67%         4

Inventory:

Hand Weapons
 Y - a +1 sling (weapon)
Armour
 l - the +1 leather armour of Immorality (worn) {Will+ Str+3 Int+3}
   (You found it on level 4 of the Dungeon)

   Str:       It affects your strength (+3).
   Int:       It affects your intelligence (+3).
   Will:      It increases your willpower.
 m - a +0 cloak (worn)
Jewellery
 b - a ring of positive energy (right hand)
 i - a ring of positive energy
 o - a ring of protection from fire (left hand)
Scrolls
 g - 3 scrolls of identify
Potions
 a - a potion of cancellation
 e - a potion of haste
 n - 2 potions of enlightenment

Dungeon Overview and Level Annotations

Branches:
Dungeon (6/15)
 Temple: D:4-7

Altars:
Nemelex Xobeh


Message History

The two-headed ogre hits you with a +0 giant club!
The two-headed ogre hits you with a +0 giant spiked club!
You shoot a sling bullet.
The sling bullet hits the two-headed ogre.
The two-headed ogre is moderately wounded.
The two-headed ogre closely misses you.
The two-headed ogre hits you with a +0 giant spiked club.
4345 ||| DRINKING 4 potions of heal wounds.
You feel much better.
You shoot a sling bullet.
The sling bullet hits the two-headed ogre.
The two-headed ogre is heavily wounded.
The two-headed ogre closely misses you.
The two-headed ogre hits you with a +0 giant spiked club!!
Ouch! That really hurt!
4347 ||| DRINKING 3 potions of heal wounds.
You feel much better.
The two-headed ogre hits you with a +0 giant club!
The two-headed ogre hits you with a +0 giant spiked club!
4348 ||| DRINKING 2 potions of heal wounds.
You feel much better.
You shoot a sling bullet.
The sling bullet hits the two-headed ogre.
The two-headed ogre is heavily wounded.
The two-headed ogre hits you but does no damage.
The two-headed ogre hits you with a +0 giant spiked club!
You shoot a sling bullet.
The sling bullet barely misses the two-headed ogre.
The two-headed ogre hits you with a +0 giant club!
The two-headed ogre hits you with a +0 giant spiked club!
4351 ||| DRINKING potion of heal wounds.
You feel much better.
You shoot a sling bullet.
The sling bullet barely misses the two-headed ogre.
The two-headed ogre hits you with a +0 giant club.
The two-headed ogre hits you with a +0 giant spiked club!!
You shoot a sling bullet.
The sling bullet barely misses the two-headed ogre.
The two-headed ogre hits you with a +0 giant club!!
You die...

###########.#
##........#.#
#.........#.#
#.#.#######.#
#.......))#.#
###.#####.#.######### #
#................<#
#########.#.############
..........#.#...@O......
###########.#.#########[
#.#.# #.#.# #.#.# #.#.#
###########.#.#
#...........#.#
#.###########.#


You could see a two-headed ogre.

Vanquished Creatures
  Menkaure (D:4)
  A phantom (D:5)
  A scorpion (D:4)
  A howler monkey (D:4)
  A hound (D:3)
  A sleepcap (D:5)
  Jessica (D:2)
  An orc wizard (D:6)
  3 iguanas
  8 adders
  4 gnolls (D:2)
  A shadow imp (D:5)
  A white imp (D:5)
  A worm (D:2)
  2 dart slugs
  13 orcs
  2 bats
  4 endoplasms
  2 giant cockroaches (D:2)
  6 goblins
  8 hobgoblins
  6 jackals
  7 kobolds
  2 quokkas
  5 ball pythons
  2 frilled lizards
  6 rats
91 creatures vanquished.

Notes
Turn   | Place    | Note
-------+----------+-------------------------------------------
     0 | D:1      | qw the Gargoyle Hexslinger began the quest for the Orb.
     0 | D:1      | Reached XP level 1. HP: 12/12 MP: 2/2
     0 | D:1      | 0 ||| qw: Version: 0.3-a-52-g30416fa
     0 | D:1      | 0 ||| qw: Game counter: 7330
     0 | D:1      | 0 ||| qw: Melee chars always use a shield: true
     0 | D:1      | 0 ||| qw: God list: Okawaru
     0 | D:1      | 0 ||| qw: Allow faded altars: false
     0 | D:1      | 0 ||| qw: Do Orc after clearing Dungeon:15 true
     0 | D:1      | 0 ||| qw: Do second Lair branch before Depths: true
     0 | D:1      | 0 ||| qw: Lair rune preference: random
     0 | D:1      | 0 ||| qw: Goals: Normal
     0 | D:1      | 0 ||| PLANNING D:1-11
   350 | D:1      | Reached XP level 2. HP: 11/16 MP: 3/3
   462 | D:1      | Reached skill level 3 in Ranged Weapons
   817 | D:1      | 817 ||| UPGRADING to +0 leather armour.
   827 | D:1      | 827 ||| DROPPING +0 robe.
   828 | D:1      | 828 ||| UPGRADING to ring of positive energy.
   829 | D:1      | 829 ||| READING scroll labelled XUURUTZ WEUNE.
   830 | D:1      | 830 ||| READING scroll labelled HAUNUH POUZ.
   831 | D:1      | 831 ||| READING 4 scrolls labelled MOH YL LOLENITI.
   832 | D:1      | 832 ||| READING 2 scrolls labelled WUSOF QAVVOSH.
   833 | D:1      | 833 ||| DRINKING 2 viscous inky potions.
   834 | D:1      | 834 ||| DRINKING 2 fizzy orange potions.
   835 | D:1      | 835 ||| READING 3 scrolls of identify.
   835 | D:1      | 835 ||| IDENTIFYING metallic inky potion
   836 | D:1      | 836 ||| READING 2 scrolls of identify.
   836 | D:1      | 836 ||| IDENTIFYING inky potion
   837 | D:1      | 837 ||| DROPPING scroll of poison.
   838 | D:1      | 838 ||| DROPPING potion of berserk rage.
   839 | D:1      | 839 ||| DROPPING scroll of fog.
   911 | D:2      | Reached XP level 3. HP: 22/22 MP: 4/4
   925 | D:2      | HP: 4/22 [gnoll/+0 club (5)]
   926 | D:2      | 926 ||| DRINKING potion of heal wounds.
   928 | D:2      | Reached XP level 4. HP: 24/27 MP: 5/5
  1057 | D:2      | Identified the +1 leather armour of Broken Taboos {+Inv
                  | rN++ Str-4}
  1152 | D:2      | Reached skill level 4 in Ranged Weapons
  1361 | D:2      | Noticed Jessica
  1366 | D:2      | Killed Jessica
  1367 | D:2      | Reached XP level 5. HP: 30/31 MP: 6/6
  1616 | D:2      | 1616 ||| UPGRADING to +1 leather armour of Broken Taboos
                  | {+Inv rN++ Str-4}.
  1626 | D:2      | 1626 ||| REMOVING ring of positive energy.
  1627 | D:2      | 1627 ||| DROPPING +0 leather armour.
  1628 | D:2      | 1628 ||| READING 2 scrolls labelled ESO OCSEARCHIRR.
  1629 | D:2      | 1629 ||| DROPPING scroll of revelation.
  1751 | D:3      | Identified the +10 dagger of Stickiness {venom, rC+ Str+5}
  1788 | D:3      | Reached skill level 5 in Ranged Weapons
  1803 | D:3      | Found a faded altar of an unknown god.
  2300 | D:3      | Reached skill level 3 in Fighting
  2390 | D:3      | 2390 ||| UPGRADING to +0 cloak.
  2395 | D:3      | 2395 ||| UPGRADING to ring of protection from fire.
  2396 | D:3      | 2396 ||| READING scroll labelled FYERUDU XIULI.
  2397 | D:3      | 2397 ||| READING 2 scrolls labelled SUHIUQ ENYMP.
  2398 | D:3      | 2398 ||| DRINKING 2 fuming inky potions.
  2419 | D:3      | 2419 ||| READING 2 scrolls of identify.
  2419 | D:3      | 2419 ||| IDENTIFYING amethyst potion
  2420 | D:3      | 2420 ||| DROPPING potion of invisibility.
  2421 | D:3      | 2421 ||| DROPPING potion of lignification.
  2422 | D:3      | 2422 ||| DROPPING scroll of fear.
  2617 | D:4      | Noticed Menkaure
  2627 | D:4      | Killed Menkaure
  2628 | D:4      | Reached skill level 6 in Ranged Weapons
  2628 | D:4      | Reached XP level 6. HP: 29/37 MP: 7/7
  2638 | D:4      | Reached skill level 1 in Armour
  2781 | D:4      | Reached XP level 7. HP: 37/41 MP: 8/8
  2984 | D:4      | Identified the +1 leather armour of Immorality {Will+ Str+3
                  | Int+3}
  3206 | D:4      | 3206 ||| DROPPING +0 ring mail.
  3207 | D:4      | 3207 ||| UPGRADING to +1 leather armour of Immorality
                  | {Will+ Str+3 Int+3}.
  3217 | D:4      | 3217 ||| DROPPING +1 leather armour of Broken Taboos {+Inv
                  | rN++ Str-4}.
  3218 | D:4      | 3218 ||| UPGRADING to ring of positive energy.
  3219 | D:4      | 3219 ||| READING scroll labelled RYMABL OZAOLL.
  3220 | D:4      | 3220 ||| DRINKING 2 orange potions.
  3221 | D:4      | 3221 ||| READING 2 scrolls of identify.
  3221 | D:4      | 3221 ||| IDENTIFYING fuming white potion
  3222 | D:4      | 3222 ||| DROPPING potion of brilliance.
  3247 | D:5      | Entered Level 5 of the Dungeon
  3733 | D:5      | Reached skill level 7 in Ranged Weapons
  3846 | D:5      | Found a sparkling altar of Nemelex Xobeh.
  4082 | D:5      | 4082 ||| READING scroll labelled RIRAYP FIMYJEITRI.
  4083 | D:5      | 4083 ||| READING 4 scrolls of identify.
  4083 | D:5      | 4083 ||| IDENTIFYING dark potion
  4134 | D:6      | 4134 ||| DRINKING potion of curing.
  4134 | D:6      | 4134 ||| (to cure confusion)
  4336 | D:6      | Noticed a two-headed ogre
  4344 | D:6      | HP: 6/43 [two-headed ogre/+0 giant club (6)]
  4345 | D:6      | 4345 ||| DRINKING 4 potions of heal wounds.
  4347 | D:6      | 4347 ||| DRINKING 3 potions of heal wounds.
  4348 | D:6      | 4348 ||| DRINKING 2 potions of heal wounds.
  4350 | D:6      | HP: 10/43 [two-headed ogre/+0 giant club (16)]
  4350 | D:6      | HP: 2/43 [two-headed ogre/+0 giant club (8)]
  4351 | D:6      | 4351 ||| DRINKING potion of heal wounds.
  4353 | D:6      | Demolished by a two-headed ogre

Levels and vault maps discovered:
D:1:      scummos_arrival_simple_fountains, layout_loops_corners
D:2:      layout_basic, minmay_pentomino_o2, uniq_jessica
D:3:      minmay_inner_zag, layout_loops_ring, serial_forest,
          infiniplex_forest_lined_2, infiniplex_forest_lined_room_3,
          infiniplex_forest_clump_curved, infiniplex_forest_clump_double,
          infiniplex_forest_lined_4_way, hellmonk_ecumenical_altar_lost_god
D:4:      layout_loops_ring, chequers_serial_rivers_room_a, uniq_menkaure
D:5:      layout_basic, nemelex_altar_shiori
D:6:      layout_basic, minmay_temple_entry_ruins, uniq_blork_the_orc,
          uniq_grinder, uniq_eustachio

Skill      XL: |  1  2  3  4  5  6  7 |
---------------+----------------------+-----
Ranged Weapons | 3 4 6 7 |  7.2
Fighting       | 2 3 4 |  4.0
Armour         | 1 |  1.9
Dodging        | |  1.5
Spellcasting   | |  1.0
Hexes          | |  2.6

Action                     |  1- 3 |  4- 6 |  7- 9 || total
---------------------------+-------+-------+-------++-------
   Fire: Sling             |    72 |   211 |   200 ||   483
    Use: Scroll            |     6 |     4 |     4 ||    14
         Potion            |     3 |     1 |     6 ||    10
 Armour: Robe              |     4 |       |       ||     4
         Leather armour    |    11 |    74 |    65 ||   150
  Dodge: Dodged            |    36 |    88 |    70 ||   194

Table legend:
 A = Non-vault XP
 B = Vault XP
 C = Vault XP percentage of total XP
 D = Non-vault monster count
 E = Vault monster count
 F = Vault count percentage of total count
                 A         B        C        D         E       F
            +---------+---------+-------+---------+---------+-------
      Total |     771 |     231 |  23.1 |      83 |       8 |   8.8
            +---------+---------+-------+---------+---------+-------
        D:1 |      23 |       0 |   0.0 |      12 |       0 |   0.0
        D:2 |     105 |      42 |  28.6 |      27 |       3 |  10.0
        D:3 |      74 |      17 |  18.7 |      12 |       4 |  25.0
        D:4 |     215 |     172 |  44.4 |      16 |       1 |   5.9
        D:5 |     309 |       0 |   0.0 |      12 |       0 |   0.0
        D:6 |      45 |       0 |   0.0 |       4 |       0 |   0.0
            +---------+---------+-------+---------+---------+-------
